 Dungeon Crawl Stone Soup version 0.19-a0-1896-g611e798 (webtiles) character file.

322 Jorund the Chopper (level 6, -2/47 HPs)
             Began as a Demonspawn Fighter on Oct 19, 2016.
             Slain by an orc warrior
             ... wielding a +0 long sword
              (13 damage)
             ... on level 3 of the Dungeon.
             The game lasted 00:04:53 (2197 turns).

Jorund the Chopper (Demonspawn Fighter)             Turns: 2197, Time: 00:04:54

Health: -2/47      AC: 13    Str: 24    XL:     6   Next: 22%
Magic:  0/15       EV:  9    Int:  9    God:
Gold:   77         SH:  0    Dex: 12    Spells: 0 memorised, 5 levels left

rFire  . . .     SeeInvis .     a - +2 war axe
rCold  . . .     Gourm    +     e - +3 scale mail
rNeg   . . .     Faith    .     (no shield)
rPois  .         Spirit   +     (no helmet)
rElec  .         Reflect  .     (no cloak)
rCorr  .         Harm     .     i - +0 pair of gloves
MR     .....                    (no boots)
Stlth  ..........               j - amulet of the gourmand
                                (no ring)
                                k - ring of magical power

@: mighty
A: hooves 1, molten scales 1, spiny 1, magic shield
a: no special abilities


You were on level 3 of the Dungeon.
You were completely stuffed.

You visited 1 branch of the dungeon, and saw 3 of its levels.

You collected 77 gold pieces.

Inventory:

Hand Weapons
 a - a +2 war axe (weapon)
Armour
 c - a +0 shield
 e - a +3 scale mail (worn)
 i - a +0 pair of gloves (worn)
Jewellery
 j - an amulet of the gourmand (around neck)
 k - a ring of magical power (left hand)
 w - an uncursed ring of fire
Potions
 b - a potion of flight {unknown}
 d - 2 potions of might
 l - a potion of haste {unknown}
 q - a potion of heal wounds {unknown}
 t - a potion of cancellation {unknown}
 v - a potion of lignification
Comestibles
 f - 3 bread rations
 g - 3 beef jerkies


   Skills:
 - Level 3.0 Fighting
 * Level 5.5 Axes
 + Level 3.6 Armour
 - Level 2.6 Shields


You had 5 spell levels left.
You didn't know any spells.

Dungeon Overview and Level Annotations

Branches:
Dungeon (3/15)

Altars:
Fedhas
Hepliaklqana


Innate Abilities, Weirdness & Mutations

You have large cloven feet.
You are partially covered in molten scales. (AC +2)
You are partially covered in sharp spines.
When hurt, damage is shared between your health and your magic reserves.


Message History

The orc hits you but does no damage.
You closely miss the orc warrior. Your kick misses the orc warrior.
The orc warrior is moderately wounded.
The orc warrior closely misses you.
The orc hits you from afar with a trident.
You slash the orc warrior! You kick the orc warrior.
The orc warrior is severely wounded.
The orc completely misses you.
The orc warrior hits you with a long sword.
The orc barely misses you.
You barely miss the orc warrior. You kick the orc warrior.
The orc warrior is severely wounded.
The orc warrior hits you with a long sword!!
* * * LOW HITPOINT WARNING * * *
The orc barely misses you.
The orc priest shouts!
You are too injured to fight recklessly!
You feel better.
The orc warrior hits you with a long sword!
You die...

####*#######.##........#
,,,,,,,* #...........#
******,########........#
*,,,**,.......'........#
,,,,,*,.#######........#
,,..,#..#####...#.#'#########
,....#..#.......#.#.........#
.#...#..#.###.###.#########.#
..............o$@....# #.#
.....#o.#.######†o...# #.#
##.#.#......ol.o.....# #.####
...#.##†.o.#####.....# #.#..#
####.##....# #.....# #.#..#
.......†o..# #.....# #.#..##
.###.###oo.# ####### #.#....
.#......o..# #.#..##
.#.#...W...# #.##.#.


You could see an orc warrior, an orc priest and an orc.

Vanquished Creatures
  The ghost of xvga the Slasher, an amateur HaAK of Lugonu (D:3)
  Jessica (D:3)
  Ijyb (D:2)
  7 adders
  A worm (D:3)
  4 dart slugs
  7 giant cockroaches
  5 goblins
  8 hobgoblins
  11 jackals
  5 kobolds
  A quokka (D:3)
  2 ball pythons
  9 bats
  6 frilled lizards
  14 rats
83 creatures vanquished.

Notes
Turn   | Place    | Note
-------+----------+-------------------------------------------
     0 | D:1      | Jorund the Demonspawn Fighter began the quest for the Orb.
     0 | D:1      | Reached XP level 1. HP: 18/18 MP: 1/1
    37 | D:1      | Reached skill level 2 in Axes
    56 | D:1      | Gained mutation: You are partially covered in molten scales. (AC +2) [demonic ancestry]
    56 | D:1      | Reached XP level 2. HP: 22/24 MP: 2/2
   355 | D:1      | Reached XP level 3. HP: 27/29 MP: 3/3
   784 | D:2      | Reached skill level 3 in Axes
  1003 | D:2      | Noticed Ijyb
  1030 | D:2      | Killed Ijyb
  1030 | D:2      | Gained mutation: When hurt, damage is shared between your health and your magic reserves. [demonic ancestry]
  1030 | D:2      | Reached XP level 4. HP: 15/35 MP: 4/4
  1366 | D:2      | Reached skill level 4 in Axes
  1471 | D:3      | Found a hazy altar of Hepliaklqana.
  1476 | D:3      | Found a blossoming altar of Fedhas.
  1613 | D:3      | Gained mutation: You have large cloven feet. [demonic ancestry]
  1613 | D:3      | Reached XP level 5. HP: 26/41 MP: 5/5
  1628 | D:3      | Noticed xvga's ghost (amateur HaAK)
  1839 | D:3      | Noticed Jessica
  1847 | D:3      | Killed Jessica
  1889 | D:3      | Noticed an orc warrior
  2192 | D:3      | Killed xvga's ghost
  2192 | D:3      | Reached skill level 5 in Axes
  2192 | D:3      | Gained mutation: You are partially covered in sharp spines. [demonic ancestry]
  2192 | D:3      | Reached XP level 6. HP: 29/47 MP: 6/6
  2197 | D:3      | Slain by an orc warrior

Vault maps used:
D:1:      onia_arrival_larder, minmay_misc_feat_diagonals
D:2:      minmay_misc_feat_nine_boxes, uniq_iyjb
D:3:      gammafunk_temple_overflow_statue, first_bread, uniq_jessica

Skill      XL: |  1  2  3  4  5 |
---------------+----------------+-----
Axes           | 2 3 4 5 |  5.5
Armour         | 3 |  3.6
Fighting       | |  3.0
Shields        | |  2.6

Action                   |  1- 3 |  4- 6 || total
-------------------------+-------+-------++-------
Melee: War axe           |   179 |   130 ||   309
       Kick              |       |    19 ||    19
  Use: Scroll            |       |    11 ||    11
       Potion            |       |     3 ||     3
  Eat: Chunk             |     1 |    12 ||    13
Armor: Scale mail        |   102 |   103 ||   205
Dodge: Dodged            |   115 |   101 ||   216
